 Dungeon Crawl Stone Soup version 0.28.0 (webtiles) character file.

Game seed: 15146716494693610198

62 AmazingTV the Sneak (level 3, 0/16 HPs)
             Began as a Spriggan Venom Mage on July 5, 2022.
             Slain by a bat (1 damage)
             ... on level 2 of the Dungeon.
             The game lasted 00:04:23 (1606 turns).

AmazingTV the Sneak (Spriggan Venom Mage)           Turns: 1606, Time: 00:04:24

Health: 0/16       AC:  2    Str:  6    XL:     3   Next: 85%
Magic:  8/8        EV: 17    Int: 16    God:
Gold:   52         SH:  0    Dex: 15    Spells: 7/8 levels left

rFire   . . .      SeeInvis +   a - +0 rapier {short}
rCold   . . .      Faith    .   (no shield)
rNeg    . . .      Spirit   .   b - +0 robe
rPois   .          Reflect  .   (helmet restricted)
rElec   .          Harm     .   (no cloak)
rCorr   .          Rampage  .   (gloves unavailable)
Will    .....                   (boots unavailable)
Stlth   ++........              (no amulet)
HPRegen 0.05/turn               (no ring)
MPRegen 0.11/turn               (no ring)

@: very quick
A: very small, no large weapons, unfitting armour, see invisible, speed 3
a: no special abilities


You were on level 2 of the Dungeon.
You visited 1 branch of the dungeon, and saw 2 of its levels.

You collected 52 gold pieces.


Innate Abilities, Weirdness & Mutations

You are very small and have problems with some larger weapons.
You are too small for most types of armour.
You have supernaturally acute eyesight. (SInv)
You cover ground extremely quickly. (Speed+++)


   Skills:
 * Level 1.9 Short Blades
 + Level 3.1 Dodging
 + Level 3.5 Stealth
 + Level 3.2 Spellcasting
 + Level 2.3 Transmutations
 + Level 3.3 Poison Magic


You had 7 spell levels left.
You knew the following spells:

 Your Spells              Type           Power      Damage    Failure   Level
a - Sting                 Tmut/Pois      44%        1d5       6%          1

Your spell library contained the following spells:

 Spells                   Type           Power      Damage    Failure   Level
 Poisonous Vapours        Pois/Air       14%        N/A       14%         2
 Magic Dart               Conj           8%         1d3       19%         1
 Call Imp                 Summ           2%         N/A       28%         2
 Mephitic Cloud           Conj/Pois/Air  6%         N/A       34%         3
 Olgreb's Toxic Radiance  Pois           13%        N/A       43%         4

Inventory:

Hand Weapons
 a - a +0 rapier (weapon) {short}
   (You found it on level 1 of the Dungeon)
Missiles
 e - 6 silver boomerangs
 f - 39 stones
Armour
 b - a +0 robe (worn)
Scrolls
 d - a scroll of immolation {unknown}
 h - 4 scrolls of fog {unknown}
 i - a scroll of enchant weapon {unknown}
Potions
 c - a potion of curing {unknown}
 g - a potion of haste {unknown}

Dungeon Overview and Level Annotations

Branches:
Dungeon (2/15)

Altars:

#.##########...##.#####.#.####...
#.##.............................
..<.................###...####...
####.#..########.##.......# #...
#.#.## #.##.####..# #... #.#.#
#.##.# #..# #### ####.#.#
###.##.# #... #....#.# #......#
#.### #.####.#######..@b..####.##
#...........##........<...#
#..###.####.##......####..# #..#
#.# #.##.....รท# ..# #..###.#
#.#######.# . ...w...# #.# #.#
##.##### #.# #># ...# #.# #.#
#### #.# #.#


You could see a bat.


Message History

The frilled lizard misses you.
You hit the frilled lizard.
You kill the frilled lizard! ๐Ÿ˜• HP[+1]
You start resting. ๐Ÿ˜• MP[+2]
Your mp is fully restored (8).
You start resting.
A worm is nearby! ๐Ÿ˜• HP[+2]
You regained 2 hp, and now have 15/16 hp.
A worm is nearby!
The sting hits the worm.
The worm is poisoned. ๐Ÿ˜• MP[-1]
You lost 1 mp, and now have 7/8 mp.
Things that are here:
a frilled lizard corpse; a quokka corpse; a frilled lizard corpse
Things that are here:
a frilled lizard corpse; a quokka corpse; a frilled lizard corpse The sting hits the worm.
The worm looks even sicker. ๐Ÿ˜• MP[-1]
You lost 1 mp, and now have 6/8 mp.
Things that are here:
a +0 dagger {short}; a goblin corpse The sting misses the worm. ๐Ÿ˜Ž HP[+1] MP[-1]
Your hp is fully restored (16).
You lost 1 mp, and now have 5/8 mp. ๐Ÿ˜Ž MP[+1]
The sting hits the worm.
The worm looks even sicker. ๐Ÿ˜Ž MP[-1]
You lost 1 mp, and now have 5/8 mp.
The sting hits the worm.
The worm looks even sicker. ๐Ÿ˜Ž MP[-1]
You lost 1 mp, and now have 4/8 mp.
The sting hits the worm.
The worm looks as sick as possible! ๐Ÿ˜Ž MP[-1]
You lost 1 mp, and now have 3/8 mp.
You kill the worm!
A kobold and a bat come into view.
The kobold is wielding a +2 whip of venom. ๐Ÿ˜Ž MP[+5]
Your mp is fully restored (8).
There are monsters nearby!
A kobold comes into view. It is wielding a +0 club.
The kobold shouts!
The bat misses you.
You barely miss the kobold.
The kobold hits you with a +2 whip of venom.
You are poisoned. ๐Ÿ˜ฎ HP[-4]
You take 4 damage, and now have 12/16 hp.
MASSIVE DAMAGE!! (PAUSE)
You feel sick. The bat barely misses you. ๐Ÿ˜ฎ HP[-2]
You take 2 damage, and now have 10/16 hp.
You feel sick. ๐Ÿ˜ฎ HP[-1]
You take 1 damage, and now have 9/16 hp.
You feel sick. ๐Ÿ˜จ HP[-1]
You take 1 damage, and now have 8/16 hp.
You feel sick. The bat misses you. ๐Ÿ˜จ HP[-1]
You take 1 damage, and now have 7/16 hp.
You feel sick. ๐Ÿ˜จ HP[-1]
You take 1 damage, and now have 6/16 hp.
You feel sick. ๐Ÿ˜จ HP[-1]
You take 1 damage, and now have 5/16 hp.
You feel sick. The bat closely misses you. ๐Ÿ˜ฑ HP[-1]
You take 1 damage, and now have 4/16 hp.
The bat completely misses you.
Things that are here:
a frilled lizard corpse; a quokka corpse; a frilled lizard corpse ๐Ÿ˜จ HP[+1]
You feel sick. ๐Ÿ˜ฑ HP[-1]
You take 1 damage, and now have 4/16 hp.
You feel sick. ๐Ÿ˜ฑ HP[-1]
You take 1 damage, and now have 3/16 hp.
The bat completely misses you.
You feel sick.
You are no longer poisoned. ๐Ÿ˜ฑ HP[-1]
You take 1 damage, and now have 2/16 hp.
The bat completely misses you. The bat completely misses you.
The bat barely misses you. The bat closely misses you. The bat misses you.
The bat hits you.
* * * LOW HITPOINT WARNING * * *
๐Ÿ˜ฑ HP[-1]
You take 1 damage, and now have 1/16 hp.
There is a stone staircase leading up here.
You closely miss the bat. The bat hits you.
You die...

Skill      XL: |  1  2 |
---------------+-------+-----
Short Blades   | 1 |  1.9
Dodging        | 3 |  3.1
Spellcasting   | 3 |  3.2
Transmutations | 2 |  2.3
Stealth        | |  3.5
Poison Magic   | |  3.3

Action                   || total
-------------------------++-------
Melee: Rapier            ||    34
 Cast: Sting             ||    50
 Stab: Sleeping          ||     4
Armor: Robe              ||     5
Dodge: Dodged            ||    34

Levels and vault maps discovered:
D:1:      roderic_chinese_lattice_arrival, layout_rooms,
          ebering_ecumenical_altar_webs
D:2:      layout_loops_ring, minmay_cut_off

Notes
Turn   | Place    | Note
-------+----------+-------------------------------------------
     0 | D:1      | AmazingTV the Spriggan Venom Mage began the quest for the
                  | Orb.
     0 | D:1      | Reached XP level 1. HP: 9/9 MP: 5/5
     0 | D:1      | magus.rc [v1.9.6]
    31 | D:1      | Found a faded altar of an unknown god.
   222 | D:1      | Reached skill level 1 in Short Blades
   222 | D:1      | Reached XP level 2. HP: 13/13 MP: 3/6
   428 | D:1      | Reached skill level 3 in Dodging
   438 | D:1      | Reached skill level 3 in Spellcasting
   533 | D:1      | You pick up a book of Minor Magic and begin reading...
   533 | D:1      | You add the spells Magic Dart and Call Imp to your library.
   565 | D:1      | Reached skill level 2 in Transmutations
   655 | D:1      | Reached XP level 3. HP: 16/16 MP: 8/8
  1582 | D:2      | HP: 4/16 [poisoned by a kobold]
  1587 | D:2      | HP: 2/16 [poisoned by a kobold]
  1604 | D:2      | HP: 1/16 [bat (1)]
  1606 | D:2      | Slain by a bat

Vanquished Creatures
  A gnoll (D:1)
  An adder (D:2)
  2 worms (D:2)
  A dart slug (D:1)
  2 ball pythons
  2 bats
  6 endoplasms
  2 giant cockroaches
  3 goblins
  2 hobgoblins
  3 quokkas
  5 frilled lizards
  A kobold (D:1)
  3 rats (D:1)
34 creatures vanquished.

Table legend:
 A = Non-vault XP
 B = Vault XP
 C = Vault XP percentage of total XP
 D = Non-vault monster count
 E = Vault monster count
 F = Vault count percentage of total count
                 A         B        C        D         E       F
            +---------+---------+-------+---------+---------+-------
      Total |      87 |       2 |   2.2 |      33 |       1 |   2.9
            +---------+---------+-------+---------+---------+-------
        D:1 |      49 |       0 |   0.0 |      21 |       0 |   0.0
        D:2 |      38 |       2 |   5.0 |      12 |       1 |   7.7
            +---------+---------+-------+---------+---------+-------

Illustrated notes

Table legend:
 A = Kills in this place as a percentage of kills in entire the game.
 B = Kills by you in this place as a percentage of kills by you in the entire game.
 C = Kills by friends in this place as a percentage of kills by friends in the entire game.
 D = Other kills in this place as a percentage of other kills in the entire game.
 E = Experience gained in this place as a percentage of experience gained in the entire game.
 F = Experience gained in this place divided by the number of levels of this place that you have seen.
                   A       B       C       D       E      F
               +-------+-------+-------+-------+-------+----------------------
         Total | 100.0 | 100.0 |   N/A |   N/A | 100.0 |  44.5
       Dungeon | 100.0 | 100.0 |   N/A |   N/A | 100.0 |  44.5
               +-------+-------+-------+-------+-------+----------------------

Table legend: (Time is in decaauts)
 A = Elapsed time spent in this place.
 B = Non-inter-level travel time spent in this place.
 C = Inter-level travel time spent in this place.
 D = Time resting spent in this place.
 E = Time spent auto-exploring this place.
 F = Levels seen in this place.
 G = Mean time per level.
                   A        B        C        D        E       F      G
               +--------+--------+--------+--------+--------+-----+--------+
         Total |   1310 |   1289 |     21 |    263 |    757 |   2 |  655.0 |
       Dungeon |   1310 |   1289 |     21 |    263 |    757 |   2 |  655.0 |
               +--------+--------+--------+--------+--------+-----+--------+

Top non-repeatable levels by time:
     D:1: 762 daAuts
     D:2: 548 daAuts
